 Dungeon Crawl Stone Soup version 0.28-a0-1033-g1a2f33fa85 (webtiles) character file.

Game seed: 7763009944889145491

61 mainiacjoe the Vexing (level 4, -7/45 HPs)
             Began as an Ogre Arcane Marksman on Dec 8, 2021.
             Killed by nerve-wracking pain
             ... invoked by an orc priest
              (12 damage)
             ... on level 3 of the Dungeon.
             The game lasted 00:05:54 (2743 turns).

mainiacjoe the Vexing (Ogre Arcane Marksman)        Turns: 2743, Time: 00:05:54

Health: -7/45      AC:  3    Str: 22    XL:     4   Next: 7%
Magic:  14/14      EV:  9    Int: 14    God:
Gold:   73         SH:  0    Dex:  9    Spells: 4/5 levels left

rFire   . . .      SeeInvis .   a - +0 war axe
rCold   . . .      Faith    .   (no shield)
rNeg    . . .      Spirit   .   j - +0 robe
rPois   .          Reflect  .   (helmet restricted)
rElec   .          Harm     .   (no cloak)
rCorr   .          Rampage  .   (gloves unavailable)
Will    .....                   (boots unavailable)
Stlth   +.........              (no amulet)
HPRegen 0.15/turn               h - ring of magical power
MPRegen 0.14/turn               p - +6 ring of strength

@: no status effects
A: large, unfitting armour, tough skin 1
a: no special abilities


You were on level 3 of the Dungeon.
You visited 1 branch of the dungeon, and saw 3 of its levels.

You collected 73 gold pieces.

Inventory:

Hand Weapons
 a - a +0 war axe (weapon)
 b - a +0 hunting sling
Missiles
 c - 2 throwing nets {=F}
 g - 54 stones (quivered)
 o - 4 large rocks {=F}
 q - 18 arrows
 t - 2 boomerangs
Armour
 j - a +0 robe (worn)
Jewellery
 h - a ring of magical power (left hand)
 p - a +6 ring of strength (right hand)
Scrolls
 i - a scroll of vulnerability
 k - a scroll of magic mapping {unknown}
 l - 2 scrolls of teleportation
 m - a scroll of fog {unknown}
 r - a scroll of immolation
 s - a scroll of silence {unknown}
Potions
 d - a potion of heal wounds
 e - a potion of curing {unknown}
 f - a potion of degeneration {unknown}
 n - a potion of haste


   Skills:
 + Level 3.2 Fighting
 - Level 2.0 Throwing
 - Level 1.7 Dodging
 - Level 1.2 Spellcasting
 + Level 3.8 Hexes


You had 4 spell levels left.
You knew the following spells:

 Your Spells              Type           Power      Damage    Failure   Level
a - Slow                  Hex            44%        N/A       5%          1

Your spell library contained the following spells:

 Spells                   Type           Power      Damage    Failure   Level
 Inner Flame              Hex/Fire       6%         N/A       34%         3
 Portal Projectile        Hex/Tloc       12%        N/A       34%         3
 Sublimation of Blood     Necr           0%         N/A       36%         2
 Wereblood                Tmut           0%         N/A       36%         2
 Cause Fear               Hex            5%         N/A       47%         4
 Summon Hydra             Summ           0%         N/A       100%        7


Dungeon Overview and Level Annotations

Branches:
Dungeon (3/15)

Altars:

Shops:
D:1 (


Innate Abilities, Weirdness & Mutations

You are too large for most types of armour.
You have tough skin. (AC +1)


Message History

There is a stone staircase leading up, spattered with blood here.
You hit the orc priest.
The orc priest is lightly wounded.
The orc priest closely misses you.
You closely miss the orc priest.
The orc priest is lightly wounded.
The orc priest mumbles some strange prayers to Beogh against you.
Pain shoots through your body! The orc priest barely misses you.
You closely miss the orc priest.
The orc priest is lightly wounded.
The orc priest hits you with a +0 club.
You slash the orc priest!
The orc priest is severely wounded.
The orc priest hits you but does no damage.
The orc priest hits you with a +0 club.
You closely miss the orc priest.
The orc priest is severely wounded.
The orc priest hits you with a +0 club.
You closely miss the orc priest.
The orc priest is severely wounded.
The orc priest hits you with a +0 club. x2
You barely miss the orc priest.
The orc priest is severely wounded.
The orc priest hits you with a +0 club.
You barely miss the orc priest.
The orc priest is severely wounded.
The orc priest calls down the wrath of Beogh upon you.
Pain shoots through your body!
The orc priest calls down the wrath of Beogh upon you.
Pain shoots through your body!
* * * LOW HITPOINT WARNING * * *
You barely miss the orc priest.
The orc priest is severely wounded.
The orc priest hits you with a +0 club.
* * * LOW HITPOINT WARNING * * *
You barely miss the orc priest.
The orc priest is severely wounded.
The orc priest invokes the aid of Beogh against you.
Pain shoots through your body!
You die...

#####
#...#
#.#o#
#.#@#
#o###
#......#
####o..#
..# o# #


You could see an orc priest.

Vanquished Creatures
  A gnoll (D:1)
  4 worms (D:2)
  2 orcs (D:2)
  2 ball pythons
  6 endoplasms
  3 goblins
  8 hobgoblins
  A kobold (D:1)
  A quokka (D:2)
  4 bats
  A frilled lizard (D:2)
  2 rats (D:1)
35 creatures vanquished.

Notes
Turn   | Place    | Note
-------+----------+-------------------------------------------
     0 | D:1      | mainiacjoe the Ogre Arcane Marksman began the quest for the
                  | Orb.
     0 | D:1      | Reached XP level 1. HP: 19/19 MP: 2/2
     3 | D:1      | Found Soczoluc's Antique Weapon Shop.
   730 | D:1      | Reached XP level 2. HP: 28/28 MP: 3/3
   981 | D:1      | Reached XP level 3. HP: 35/36 MP: 4/4
  1904 | D:2      | Found a faded altar of an unknown god.
  2137 | D:2      | Reached XP level 4. HP: 45/45 MP: 5/5
  2743 | D:3      | Killed from afar by an orc priest

Illustrated notes

Levels and vault maps discovered:
D:1:      dpeg_arrival_rooms_with_view, layout_basic, serial_shops, shop,
          minivault_14
D:2:      layout_loops_cross, hellmonk_ecumenical_altar_blasted
D:3:      layout_basic, serial_park_tiny_pond, minivault_4

Skill      XL: |  1  2  3 |
---------------+----------+-----
Hexes          | 3 |  3.8
Fighting       | 2 3 |  3.2
Throwing       | |  2.0
Dodging        | |  1.7
Spellcasting   | |  1.2

Action                   |  1- 3 |  4- 6 || total
-------------------------+-------+-------++-------
Melee: Unarmed           |    51 |       ||    51
       Club              |     5 |       ||     5
       War axe           |    17 |    22 ||    39
 Fire: Hunting sling     |    92 |       ||    92
Throw: Stone             |    18 |       ||    18
 Cast: Slow              |     1 |       ||     1
  Use: Scroll            |     3 |     1 ||     4
Armor: Robe              |    25 |     3 ||    28
Dodge: Dodged            |    48 |     9 ||    57

Table legend: (Time is in decaauts)
 A = Elapsed time spent in this place.
 B = Non-inter-level travel time spent in this place.
 C = Inter-level travel time spent in this place.
 D = Time resting spent in this place.
 E = Time spent auto-exploring this place.
 F = Levels seen in this place.
 G = Mean time per level.
                   A        B        C        D        E       F      G
               +--------+--------+--------+--------+--------+-----+--------+
         Total |   2769 |   2706 |     63 |    590 |   1573 |   3 |  923.0 |
       Dungeon |   2769 |   2706 |     63 |    590 |   1573 |   3 |  923.0 |
               +--------+--------+--------+--------+--------+-----+--------+

Top non-repeatable levels by time:
     D:2: 1487 daAuts
     D:1: 1236 daAuts
     D:3: 46 daAuts
